TOP OF THE 1ST |
---|
Little Rock Lemmiwinks batting - Pitching for Minnesota Death Stars : RHP Carlos Bojórquez | Pitching: RHP Carlos Bojórquez | | Batting: RHB Álex Martínez | 0-0: SINGLE (Line Drive, 8RS) | Batting: RHB Ánibal Soto | 0-0: DOUBLE (Line Drive, 8LD) Álex Martínez to third | Batting: LHB Stanley Smith | 0-0: Ball 1-0: Ball 2-0: Ball 3-0: Called Strike 3-1: Base on Balls | Batting: LHB Pedro Escobar | 0-0: Called Strike 0-1: Foul Ball, location: 2F 0-2: Strikes out looking | Batting: RHB John Robertson | 0-0: Called Strike 0-1: Ball 1-1: Called Strike 1-2: Foul Ball, location: 2F 1-2: Strikes out swinging | Batting: RHB Roberto Valdéz | 0-0: Fly out, F5 (Popup, 5SF) | Top of the 1st over - 0 runs, 2 hits, 0 errors, 3 left on base; Little Rock 0 - Minnesota 0 | BOTTOM OF THE 1ST |
---|
Minnesota Death Stars batting - Pitching for Little Rock Lemmiwinks : RHP Bill Williams | Pitching: RHP Bill Williams | | Batting: RHB Lou Hammond | 0-0: Swinging Strike 0-1: SINGLE (Flyball, 8LS) | Batting: RHB Manuel Cintrón | 0-0: Swinging Strike 0-1: Ball 1-1: Foul Ball, location: 2F 1-2: Fly out, F4 (Line Drive, 4) | Batting: LHB Chris Henry | 0-0: Ball 1-0: Called Strike 1-1: Ball 2-1: Foul Ball, location: 2F 2-2: Foul Ball, location: 2F 2-2: SINGLE (Line Drive, 78S) Lou Hammond to second | Batting: LHB Larry Wright | 0-0: Called Strike 0-1: Called Strike 0-2: Foul Ball, location: 2F 0-2: Foul Ball, location: 2F 0-2: Ball 1-2: Foul Ball, location: 2F 1-2: Foul Ball, location: 2F 1-2: Ball 2-2: Fly out, F5 (Popup, 5S) | Batting: RHB Brad Ravenshaw | 0-0: Called Strike 0-1: Fly out, F7 (Flyball, 7) | Bottom of the 1st over - 0 runs, 2 hits, 0 errors, 2 left on base; Little Rock 0 - Minnesota 0 | TOP OF THE 2ND |
---|
Little Rock Lemmiwinks batting - Pitching for Minnesota Death Stars : RHP Carlos Bojórquez | Batting: LHB Francisco Gonzáles | 0-0: Ball 1-0: Foul Ball, location: 2F 1-1: Swinging Strike 1-2: Ball 2-2: Strikes out swinging | Batting: RHB Palmer Frazier | 0-0: Foul Ball, location: 2F 0-1: Ball 1-1: Foul Ball, location: 2F 1-2: Ball 2-2: Ball 3-2: Base on Balls | Batting: RHB Norberto Gallardo | 0-0: Ground out 6-3 (Groundball, 6S) Palmer Frazier to second | Batting: RHB Álex Martínez | 0-0: Ball 1-0: Foul Ball, location: 2F 1-1: Ball 2-1: Swinging Strike 2-2: Strikes out swinging | Top of the 2nd over - 0 runs, 0 hits, 0 errors, 1 left on base; Little Rock 0 - Minnesota 0 | BOTTOM OF THE 2ND |
---|
Minnesota Death Stars batting - Pitching for Little Rock Lemmiwinks : RHP Bill Williams | Batting: LHB Gonzalo Gálvez | 0-0: Called Strike 0-1: Ball 1-1: Ground out U3 (Groundball, 34) | Batting: LHB Júlio Córdova | 0-0: Ball 1-0: Ball 2-0: Ball 3-0: Base on Balls | Batting: RHB José Rosales | 0-0: Ball 1-0: Foul Ball, location: 2F 1-1: Ball 2-1: Called Strike 2-2: Ball 3-2: Base on Balls Júlio Córdova to second | Batting: LHB Jamie Walker | 0-0: Foul Ball, location: 2F 0-1: Ball 1-1: SINGLE (Line Drive, 6D) Júlio Córdova to third José Rosales to second | Batting: RHB Lou Hammond | 0-0: Ball 1-0: SINGLE (Groundball, 6D) Júlio Córdova scores José Rosales to third Jamie Walker to second Runner from 3rd tries for Home, SAFE, no throw | Batting: RHB Manuel Cintrón | 0-0: Called Strike 0-1: Ball 1-1: Ball 2-1: Ball 3-1: Swinging Strike 3-2: Strikes out swinging | Batting: LHB Chris Henry | 0-0: Swinging Strike 0-1: Ball 1-1: Fly out, F8 (Flyball, 8RD) | Bottom of the 2nd over - 2 runs, 2 hits, 0 errors, 2 left on base; Little Rock 0 - Minnesota 2 | TOP OF THE 3RD |
---|
Little Rock Lemmiwinks batting - Pitching for Minnesota Death Stars : RHP Carlos Bojórquez | Batting: RHB Ánibal Soto | 0-0: Called Strike 0-1: Ball 1-1: Ball 2-1: Ball 3-1: Base on Balls | Batting: LHB Stanley Smith | 0-0: DOUBLE (Flyball, 89XD) Ánibal Soto to third | Batting: LHB Pedro Escobar | 0-0: Ball 1-0: Ball 2-0: Called Strike 2-1: Fly out, F4 (Line Drive, 4) | Batting: RHB John Robertson | 0-0: Called Strike 0-1: Ball 1-1: Called Strike 1-2: Strikes out looking | Batting: RHB Roberto Valdéz | 0-0: Ball 1-0: Ground out 1-3 (Groundball, 15S) | Top of the 3rd over - 0 runs, 1 hit, 0 errors, 2 left on base; Little Rock 0 - Minnesota 2 | BOTTOM OF THE 3RD |
---|
Minnesota Death Stars batting - Pitching for Little Rock Lemmiwinks : RHP Bill Williams | Batting: LHB Larry Wright | 0-0: Fly out, F6 (Popup, 6M) | Batting: RHB Brad Ravenshaw | 0-0: Ball 1-0: Foul Ball, location: 2F 1-1: Swinging Strike 1-2: Fly out, F7 (Line Drive, 7LS) | Batting: LHB Gonzalo Gálvez | 0-0: Fly out, F8 (Flyball, 8LD) | Bottom of the 3rd over - 0 runs, 0 hits, 0 errors, 0 left on base; Little Rock 0 - Minnesota 2 | TOP OF THE 4TH |
---|
Little Rock Lemmiwinks batting - Pitching for Minnesota Death Stars : RHP Carlos Bojórquez | Batting: LHB Francisco Gonzáles | 0-0: Ball 1-0: Ball 2-0: Called Strike 2-1: Called Strike 2-2: Foul Ball, location: 2F 2-2: Ball 3-2: Strikes out swinging | Batting: RHB Palmer Frazier | 0-0: Called Strike 0-1: Ball 1-1: Foul Ball, location: 2F 1-2: Strikes out swinging | Batting: RHB Norberto Gallardo | 0-0: Foul Ball, location: 2F 0-1: Called Strike 0-2: Strikes out looking | Top of the 4th over - 0 runs, 0 hits, 0 errors, 0 left on base; Little Rock 0 - Minnesota 2 | BOTTOM OF THE 4TH |
---|
Minnesota Death Stars batting - Pitching for Little Rock Lemmiwinks : RHP Bill Williams | Batting: LHB Júlio Córdova | 0-0: Foul Ball, location: 2F 0-1: Ball 1-1: Ground out U3 (Groundball, 34) | Batting: RHB José Rosales | 0-0: Called Strike 0-1: Ball 1-1: Ball 2-1: Foul Ball, location: 2F 2-2: Ball 3-2: Ground out 4-3 (Groundball, 4S) | Batting: LHB Jamie Walker | 0-0: Ball 1-0: Called Strike 1-1: Ground out 5-3 (Groundball, 5) | Bottom of the 4th over - 0 runs, 0 hits, 0 errors, 0 left on base; Little Rock 0 - Minnesota 2 | TOP OF THE 5TH |
---|
Little Rock Lemmiwinks batting - Pitching for Minnesota Death Stars : RHP Carlos Bojórquez | Batting: RHB Álex Martínez | 0-0: Ball 1-0: Swinging Strike 1-1: Fly out, F8 (Line Drive, 8LD) | Batting: RHB Ánibal Soto | 0-0: Ball 1-0: Ball 2-0: SINGLE (Groundball, 3D) | Batting: LHB Stanley Smith | 0-0: Ball Wild Pitch! Ánibal Soto to second 1-0: Ball 2-0: SINGLE (Line Drive, 56D) Ánibal Soto to third Runner from 3rd tries for Home, SAFE, no throw | Batting: LHB Pedro Escobar | 0-0: Called Strike 0-1: Ball 1-1: Ball 2-1: Called Strike 2-2: Strikes out looking | Batting: RHB John Robertson | 0-0: Ball 1-0: Foul Ball, location: 2F 1-1: Ball 2-1: Ball 3-1: Base on Balls Stanley Smith to second | Batting: RHB Roberto Valdéz | 0-0: Ball 1-0: SINGLE (Groundball, 4MD) Stanley Smith to third John Robertson to second Runner from 3rd tries for Home, SAFE, no throw | Batting: LHB Francisco Gonzáles | 0-0: Ball 1-0: Ball 2-0: Fielders Choice at 2nd, 5-4 (Groundball, 5L) | Top of the 5th over - 2 runs, 3 hits, 0 errors, 2 left on base; Little Rock 2 - Minnesota 2 | BOTTOM OF THE 5TH |
---|
Minnesota Death Stars batting - Pitching for Little Rock Lemmiwinks : RHP Bill Williams | Batting: RHB Lou Hammond | 0-0: Ball 1-0: Called Strike 1-1: Ground out 6-3 (Groundball, 6) | Batting: RHB Manuel Cintrón | 0-0: Called Strike 0-1: Swinging Strike 0-2: Ball 1-2: Ball 2-2: SINGLE (Groundball, 25) (infield hit) | Batting: LHB Chris Henry | 0-0: Called Strike 0-1: Ball 1-1: Ball 2-1: Foul Ball, location: 2F 2-2: TRIPLE (Flyball, 8RXD) Manuel Cintrón scores | Batting: LHB Larry Wright | 0-0: Ball 1-0: Called Strike 1-1: Ball 2-1: Foul Ball, location: 2F 2-2: Ball 3-2: Base on Balls | Batting: RHB Brad Ravenshaw | 0-0: Ball 1-0: Called Strike 1-1: Ball 2-1: Fly out, F7 (Flyball, 7LS) Runner from 3rd tags up, SCORES, no throw | Batting: LHB Gonzalo Gálvez | 0-0: SINGLE (Line Drive, 34) Larry Wright to second | Batting: LHB Júlio Córdova | 0-0: Called Strike 0-1: Fly out, F8 (Flyball, 8RD) | Bottom of the 5th over - 2 runs, 3 hits, 0 errors, 2 left on base; Little Rock 2 - Minnesota 4 | TOP OF THE 6TH |
---|
Little Rock Lemmiwinks batting - Pitching for Minnesota Death Stars : RHP Carlos Bojórquez | Pitching: RHP Alfredo Cabral | | Batting: RHB Palmer Frazier | 0-0: Fly out, F9 (Flyball, 9) | Batting: RHB Norberto Gallardo | 0-0: Foul Ball, location: 2F 0-1: Ball 1-1: Foul Ball, location: 2F 1-2: Foul Ball, location: 2F 1-2: Foul Ball, location: 2F 1-2: Ball 2-2: Foul Ball, location: 2F 2-2: Strikes out swinging | Pitching: LHP Bobby MacGruder | | Batting: RHB Álex Martínez | 0-0: Ball 1-0: Swinging Strike 1-1: Swinging Strike 1-2: Strikes out swinging | Top of the 6th over - 0 runs, 0 hits, 0 errors, 0 left on base; Little Rock 2 - Minnesota 4 | BOTTOM OF THE 6TH |
---|
Minnesota Death Stars batting - Pitching for Little Rock Lemmiwinks : RHP Bill Williams | Batting: RHB José Rosales | 0-0: Ball 1-0: Foul Ball, location: 2F 1-1: Ball 2-1: Ball 3-1: Base on Balls | Batting: LHB Jamie Walker | 0-0: Ball 1-0: DOUBLE (Flyball, 9LD) José Rosales to third Runner from 3rd tries for Home, SAFE, no throw | Pitching: RHP Muneyaki Nakamura | | Batting: RHB Lou Hammond | 0-0: Ball 1-0: Ball 2-0: Ball 3-0: Base on Balls | Batting: RHB Manuel Cintrón | 0-0: Ball 1-0: Swinging Strike 1-1: Ball 2-1: Grounds into double play, 4-6-3 (Groundball, 34) Jamie Walker to third | Batting: LHB Chris Henry | 0-0: Called Strike 0-1: Ball 1-1: Called Strike 1-2: Foul Ball, location: 2F 1-2: Ball 2-2: Strikes out looking | Bottom of the 6th over - 1 run, 1 hit, 0 errors, 1 left on base; Little Rock 2 - Minnesota 5 | TOP OF THE 7TH |
---|
Little Rock Lemmiwinks batting - Pitching for Minnesota Death Stars : LHP Bobby MacGruder | Batting: RHB Ánibal Soto | 0-0: Called Strike 0-1: Ball 1-1: SINGLE (Line Drive, 4D) | Batting: LHB Stanley Smith | 0-0: Ball 1-0: Ball 2-0: Called Strike 2-1: Foul Ball, location: 2F 2-2: Fly out, F9 (Flyball, 89M) | Batting: LHB Pedro Escobar | 0-0: Foul Ball, location: 2F 0-1: Ball 1-1: Ball 2-1: Called Strike 2-2: Ball 3-2: Base on Balls Ánibal Soto to second | Batting: RHB John Robertson | 0-0: Ball 1-0: Swinging Strike 1-1: Ball 2-1: Called Strike 2-2: Ball 3-2: Strikes out swinging | Batting: RHB Roberto Valdéz | 0-0: Called Strike 0-1: Ball 1-1: Ball 2-1: Foul Ball, location: 2F 2-2: Strikes out swinging | Top of the 7th over - 0 runs, 1 hit, 0 errors, 2 left on base; Little Rock 2 - Minnesota 5 | BOTTOM OF THE 7TH |
---|
Minnesota Death Stars batting - Pitching for Little Rock Lemmiwinks : RHP Muneyaki Nakamura | Batting: LHB Larry Wright | 0-0: Ball 1-0: Swinging Strike 1-1: Swinging Strike 1-2: Strikes out swinging, 2-3 out at first. | Batting: RHB Brad Ravenshaw | 0-0: Called Strike 0-1: Swinging Strike 0-2: Strikes out looking | Batting: LHB Gonzalo Gálvez | 0-0: Ball 1-0: Called Strike 1-1: Fly out, F9 (Flyball, 9D) | Bottom of the 7th over - 0 runs, 0 hits, 0 errors, 0 left on base; Little Rock 2 - Minnesota 5 | TOP OF THE 8TH |
---|
Little Rock Lemmiwinks batting - Pitching for Minnesota Death Stars : LHP Bobby MacGruder | Batting: LHB Francisco Gonzáles | 0-0: Ball 1-0: Foul Ball, location: 2F 1-1: Called Strike 1-2: Strikes out looking | Batting: RHB Palmer Frazier | 0-0: Ball 1-0: Fly out, F4 (Line Drive, 4) | Batting: RHB Norberto Gallardo | 0-0: Called Strike 0-1: Swinging Strike 0-2: Ground out 5-3 (Groundball, 5) | Top of the 8th over - 0 runs, 0 hits, 0 errors, 0 left on base; Little Rock 2 - Minnesota 5 | BOTTOM OF THE 8TH |
---|
Minnesota Death Stars batting - Pitching for Little Rock Lemmiwinks : RHP Muneyaki Nakamura | Batting: LHB Júlio Córdova | 0-0: Called Strike 0-1: Ball 1-1: Called Strike 1-2: Foul Ball, location: 2F 1-2: Ball 2-2: Ball 3-2: Foul Ball, location: 2F 3-2: Strikes out looking | Batting: RHB José Rosales | 0-0: Ball 1-0: Ground out 4-3 (Groundball, 4) | Batting: LHB Jamie Walker | 0-0: Fly out, F8 (Flyball, 89D) | Bottom of the 8th over - 0 runs, 0 hits, 0 errors, 0 left on base; Little Rock 2 - Minnesota 5 | TOP OF THE 9TH |
---|
Little Rock Lemmiwinks batting - Pitching for Minnesota Death Stars : LHP Bobby MacGruder | Pitching: LHP Kurt Brown | | Batting: RHB Álex Martínez | 0-0: Ball 1-0: Ground out 3-1 (Groundball, 34) | Batting: RHB Ánibal Soto | 0-0: Ball 1-0: Called Strike 1-1: Called Strike 1-2: Ground out 4-3 (Groundball, 4) | Batting: LHB Stanley Smith | 0-0: Ball 1-0: Swinging Strike 1-1: Swinging Strike 1-2: Strikes out swinging | Top of the 9th over - 0 runs, 0 hits, 0 errors, 0 left on base; Little Rock 2 - Minnesota 5 | |